 Dungeon Crawl Stone Soup version 0.22.0-75-g3901e79 (webtiles) character file.

74 lysyklops the Ruffian (level 4, -7/36 HPs)
             Began as a Draconian Transmuter on Sept 12, 2018.
             Mangled by Natasha (10 damage)
             ... on level 3 of the Dungeon.
             The game lasted 00:04:15 (2394 turns).

lysyklops the Ruffian (Draconian Transmuter)        Turns: 2394, Time: 00:04:16

Health: -7/36      AC:  5    Str: 12    XL:     4   Next: 9%
Magic:  7/7        EV: 12    Int: 15    God:
Gold:   100        SH:  0    Dex: 11    Spells: 7/8 levels left

rFire    . . .     SeeInvis .     - Unarmed
rCold    . . .     Gourm    .   (no shield)
rNeg     . . .     Faith    .   (armour unavailable)
rPois    .         Spirit   .   (helmet restricted)
rElec    .         Reflect  .   (no cloak)
rCorr    .         Harm     .   (no gloves)
MR       .....                  (boots currently unavailable)
Stlth    +.........             (no amulet)
HPRegen  0.12/turn              (no ring)
MPRegen  0.10/turn              (no ring)

@: appendage (expiring)
A: unfitting armour, talons 3, cold-blooded, AC +5
a: End Transformation


You were on level 3 of the Dungeon.
You were hungry.
You had grown temporary talons.
You visited 1 branch of the dungeon, and saw 3 of its levels.

You collected 100 gold pieces.

Inventory:

Missiles
 a - 36 arrows
Scrolls
 b - 3 scrolls of identify {unknown}
 d - 2 scrolls of teleportation {unknown}
Potions
 e - a potion of might {unknown}
Comestibles
 c - 4 rations


   Skills:
 + Level 2.0 Fighting
 + Level 2.2 Dodging
 + Level 3.4 Unarmed Combat
 + Level 2.5 Spellcasting
 + Level 2.8 Transmutations


You had 7 spell levels left.
You knew the following spells:

 Your Spells              Type           Power        Failure   Level  Hunger
a - Beastly Appendage     Tmut           ##....       7%          1    #......

Your spell library contained the following spells:

 Spells                   Type           Power        Failure   Level  Hunger
 Sticks to Snakes         Tmut           ##......     10%         2    ###....
 Spider Form              Tmut/Pois      #.........   34%         3    ###....
 Ice Form                 Ice/Tmut       #.......     75%         4    #####..
 Blade Hands              Tmut           ##........   88%         5    ######.


Dungeon Overview and Level Annotations

Branches:
Dungeon (3/15)

Altars:

Annotations:
D:3 Natasha


Innate Abilities, Weirdness & Mutations

Your plain brown scales are hard. (AC +5)
You cannot fit into any form of body armour.
You are cold-blooded and may be slowed by cold attacks.
You have claws for feet.


Message History

* * * LOW HITPOINT WARNING * * *
You closely miss Natasha.
Natasha is moderately wounded.
Your transformation is almost over.
Natasha casts a spell at you. You resist with some effort.
You closely miss Natasha. Your kick misses Natasha.
You tail-slap Natasha, but do no damage.
Natasha is moderately wounded.
Natasha stares at you and mumbles some strange words.
You resist with some effort.
The adder hisses angrily.
You hit Natasha but do no damage. Your kick misses Natasha.
Natasha is moderately wounded.
Natasha casts a spell at you. You resist with some effort.
You completely miss Natasha.
Natasha is moderately wounded.
Natasha claws you!
You die...

#. .... ...# .#
## ..#.
...##.#### ...#
#......>.. ..#.
#.........
#......S..
#.........
#######..h......
........@.......
######.........
#....%.<..
#...%.....
########.. #


You could see Natasha and an adder.

Vanquished Creatures
  An adder (D:2)
  2 worms (D:2)
  A dart slug (D:1)
  3 leopard geckos
  3 ball pythons
  7 giant cockroaches
  6 goblins
  7 hobgoblins
  2 jackals (D:1)
  3 kobolds
  3 bats
  9 frilled lizards
  3 rats
50 creatures vanquished.

Notes
Turn   | Place    | Note
-------+----------+-------------------------------------------
     0 | D:1      | lysyklops the Draconian Transmuter began the quest for the
                  | Orb.
     0 | D:1      | Reached XP level 1. HP: 16/16 MP: 3/3
   412 | D:1      | Reached XP level 2. HP: 19/23 MP: 5/5
   616 | D:1      | Reached XP level 3. HP: 13/28 MP: 4/6
  2112 | D:2      | Reached XP level 4. HP: 36/36 MP: 7/7
  2369 | D:3      | Noticed Natasha
  2394 | D:3      | Mangled by Natasha

Skill      XL: |  1  2  3 |
---------------+----------+-----
Dodging        | 2 |  2.2
Fighting       | 2 |  2.0
Unarmed Combat | |  3.4
Spellcasting   | |  2.5
Transmutations | |  2.8

Action                   |  1- 3 |  4- 6 || total
-------------------------+-------+-------++-------
Melee: Unarmed           |   179 |    30 ||   209
       Tailslap          |    13 |     3 ||    16
       Kick              |     1 |       ||     1
       Headbutt          |     1 |       ||     1
       Punch             |     1 |       ||     1
 Cast: Beastly Appendage |     5 |     1 ||     6
 Stab: Sleeping          |     2 |       ||     2
  Eat: Ration            |     1 |       ||     1
       Chunk             |       |     1 ||     1
Armor: Skin              |    51 |    11 ||    62
Dodge: Dodged            |   119 |    22 ||   141
